Map: El Dorado

Players

wootwoot - Winner!

  • Race: Protoss Protoss
  • League: Diamond
  • Spawn Location: 5:00

BigDeezyBaby

  • Race: Protoss Protoss
  • Spawn Location: 7:00

VOD

Have the link to the VOD?

Description

Time

  • Played on: April 21, 2025, 5:37 p.m.
  • Length: 3:00
Show
View Real Time Build Order
Export as new Build Order

wootwoot Protoss - Winner!

Build Orders:  

Get SALT Encoding   

  12  0:00  Probe  
  13  0:12  Probe  
  14  0:19  Pylon  
  14  0:25  Probe  
  15  0:37  Gateway  
  15  0:41  Assimilator  
  15  0:50  Pylon  
  15  1:09  Gateway  
  15  1:15  Gateway  
  15  1:29  Cybernetics Core  
  15  1:40  Probe  
  16  1:52  Probe  
  17  1:54  Stalker x2  
  21  2:20  Stalker x2  
Show
View Real Time Build Order
Export as new Build Order

BigDeezyBaby Protoss 

Build Orders: 1 Gate Expand 

Get SALT Encoding   

  12  0:00  Probe  
  13  0:14  Probe, Pylon  
  14  0:23  Probe  
  15  0:33  Probe  
  16  0:41  Gateway  
  16  0:46  Assimilator  
  16  0:49  Probe  
  17  1:01  Probe  
  19  1:24  Nexus  
  18  1:36  Cybernetics Core  
  18  1:40  Probe  
  19  1:58  Gateway  
  19  1:59  Probe  
  20  2:04  Assimilator  
  20  2:12  Pylon  
  20  2:14  Adept  
  22  2:20  Probe  
  23  2:28  Probe  
  23  2:36  Probe  
  25  2:46  Pylon  
  25  2:49  Pylon  
Tags
 
League
Diamond
Matchup
PvP
Replay Pack
#1B2M-Replays
Spawn Locations
Close Positions
Add a new tag
Caveats
  • Supply blocks, unpowered buildings, or Contaminate may cause inaccurate times.
  • Supply counts are checked every 10 seconds.